 Dungeon Crawl Stone Soup version 0.19-a0-1937-g70ed36a (webtiles) character file.

295 TheGoonsmith the Ruffian (level 6, -4/48 HPs)
             Began as a Demonspawn Gladiator on Oct 27, 2016.
             Slain by an ogre
             ... wielding a +0 giant club
              (18 damage)
             ... on level 4 of the Dungeon.
             The game lasted 00:06:18 (3109 turns).

TheGoonsmith the Ruffian (Demonspawn Gladiator)     Turns: 3109, Time: 00:06:19

Health: -4/48      AC: 10    Str: 17    XL:     6   Next: 11%
Magic:  6/6        EV: 10    Int:  9    God:
Gold:   130        SH:  0    Dex: 14    Spells: 0 memorised, 5 levels left

rFire  . . .     SeeInvis .     a - +0 long sword
rCold  . . .     Gourm    .     s - +0 scale mail
rNeg   . . .     Faith    .     (no shield)
rPois  .         Spirit   .     c - +0 helmet
rElec  .         Reflect  .     p - +0 cloak
rCorr  .         Harm     .     m - +1 pair of gloves
MR     .....                    (boots unavailable)
Stlth  ..........               (no amulet)
                                (no ring)
                                (no ring)

@: no status effects
A: claws 1, talons 3
a: no special abilities


You were on level 4 of the Dungeon.
You were hungry.

You visited 1 branch of the dungeon, and saw 4 of its levels.

You collected 130 gold pieces.

Inventory:

Hand Weapons
 a - a +0 long sword (weapon)
Missiles
 d - 4 throwing nets (quivered)
Armour
 b - a +0 leather armour
 c - a +0 helmet (worn)
 i - a +2 pair of boots
 m - a +1 pair of gloves (worn)
 p - a +0 cloak (worn)
 s - a +0 scale mail (worn)
Jewellery
 e - an uncursed ring of poison resistance {unknown}
 h - an uncursed amulet of harm
Scrolls
 j - 2 scrolls of identify
 n - a scroll of amnesia {unknown}
 o - a scroll of remove curse {unknown}
 q - a scroll of teleportation
 r - a scroll of fog {unknown}
 t - a scroll of recharging {unknown}
 v - a scroll of immolation {unknown}
 x - a scroll of magic mapping {unknown}
 y - a scroll of random uselessness {unknown}
Potions
 k - 3 potions of curing
 l - a potion of mutation {unknown}
 w - a potion of heal wounds
Comestibles
 f - a bread ration
 g - a slice of pizza
 u - a meat ration


   Skills:
 + Level 3.9 Fighting
 - Level 3.1 Long Blades
 - Level 1.7 Throwing
 - Level 2.6 Dodging
 * Level 4.2 Unarmed Combat


You had 5 spell levels left.
You didn't know any spells.

Dungeon Overview and Level Annotations

Branches:
Dungeon (4/15)
 Temple: D:4-7

Altars:

Annotations:
D:2 Sigmund


Innate Abilities, Weirdness & Mutations

You have sharp fingernails.
You have claws for feet.


Message History

The ogre barely misses you.
You hit the ogre.
The ogre is lightly wounded.
The ogre hits you with a giant club.
You hit the ogre. You claw the ogre.
The ogre is moderately wounded.
The ogre hits you with a giant club!!
Ouch! That really hurt!
You barely miss the ogre.
The ogre is moderately wounded.
The ogre hits you with a giant club.
You barely miss the ogre. You claw the ogre.
The ogre is moderately wounded.
You are feeling hungry.
The ogre hits you with a giant club!
* * * LOW HITPOINT WARNING * * *
You hit the ogre.
The ogre is heavily wounded.
The ogre hits you with a giant club!!
You die...

##.......%##
#..........#.
#............
##............#
#..............#
#.............%..
#?....O..........
#...?.@..........
#................
#................. ..
#..................# #.
#...................# #
##...................##
#.....................
#.....................
##....................


You could see an ogre.

Vanquished Creatures
  A phantom (D:4)
  A gnoll shaman (D:3)
  A centaur skeleton (D:4)
  4 adders
  2 gnolls
  3 oozes
  5 worms
  2 dart slugs
  A leopard gecko (D:1)
  3 ball pythons
  2 giant cockroaches
  9 goblins
  6 hobgoblins
  8 jackals
  4 bats
  4 frilled lizards
  6 kobolds
  8 rats
70 creatures vanquished.

Notes
Turn   | Place    | Note
-------+----------+-------------------------------------------
     0 | D:1      | TheGoonsmith the Demonspawn Gladiator began the quest for the Orb.
     0 | D:1      | Reached XP level 1. HP: 16/16 MP: 1/1
   180 | D:1      | Gained mutation: You have sharp toenails. [demonic ancestry]
   180 | D:1      | Reached XP level 2. HP: 20/22 MP: 2/2
   611 | D:1      | Reached skill level 1 in Unarmed Combat
  1004 | D:2      | Gained mutation: You have razor-sharp toenails. [demonic ancestry]
  1004 | D:2      | Reached XP level 3. HP: 28/28 MP: 3/3
  1334 | D:2      | Reached skill level 2 in Unarmed Combat
  1566 | D:2      | Reached XP level 4. HP: 32/34 MP: 4/4
  1578 | D:2      | Noticed Sigmund
  2361 | D:3      | Reached skill level 3 in Unarmed Combat
  2645 | D:4      | Gained mutation: You have sharp fingernails. [demonic ancestry]
  2645 | D:4      | Reached XP level 5. HP: 40/41 MP: 5/5
  3036 | D:4      | Noticed a phantom
  3069 | D:4      | Killed a phantom
  3069 | D:4      | Reached skill level 4 in Unarmed Combat
  3069 | D:4      | Gained mutation: You have claws for feet. [demonic ancestry]
  3069 | D:4      | Reached XP level 6. HP: 45/48 MP: 6/6
  3109 | D:4      | Slain by an ogre

Vault maps used:
D:1:      dpeg_arrival_concentric_ovals
D:2:      uniq_sigmund
D:4:      minmay_ruined_shrine

Skill      XL: |  1  2  3  4  5 |
---------------+----------------+-----
Long Blades    | 3 |  3.1
Unarmed Combat | 1 2 3 4 |  4.2
Fighting       | 3 |  3.9
Throwing       | |  1.7
Dodging        | |  2.6

Action                   |  1- 3 |  4- 6 || total
-------------------------+-------+-------++-------
Melee: Long sword        |   121 |   124 ||   245
       Kick              |     2 |     4 ||     6
       Punch             |     2 |     1 ||     3
  Use: Potion            |       |     2 ||     2
       Scroll            |       |     3 ||     3
  Eat: Chunk             |     2 |     5 ||     7
Armor: Leather armour    |    32 |       ||    32
       Scale mail        |    11 |    59 ||    70
Dodge: Dodged            |    76 |    68 ||   144
       Rpst.: Long sword |    29 |    25 ||    54
